 Dungeon Crawl Stone Soup version 0.31-a0-627-gd65175cf8b (webtiles) character file.

Game seed: 2399068129417772256

37 Ijustatesigmund the Firebug (level 3, 0/20 HPs)
             Began as a Deep Elf Fire Elementalist on Aug 25, 2023.
             Slain by a kobold
             ... wielding a +0 dagger
              (1 damage)
             ... on level 1 of the Dungeon.
             The game lasted 00:02:44 (830 turns).

Ijustatesigmund the Firebug (DEFE)                   Turns: 830, Time: 00:02:46

Health: 0/20       AC:  2    Str:  5    XL:     3   Next: 21%
Magic:  8/10       EV:  9    Int: 21    God:
Gold:   57         SH:  0    Dex: 15    Spells: 6/9 levels left

rFire   . . .        e - +1 dagger (venom)
rCold   . . .        (no shield)
rNeg    . . .        a - +0 robe
rPois   .            (no helmet)
rElec   .            (no cloak)
rCorr   .            (no gloves)
SInv    .            (no boots)
Will    +....        (no amulet)
Stlth   ++           (no ring)
HPRegen 0.23/turn    (no ring)
MPRegen 0.12/turn

%: no passive effects
@: enlightened, flying, constricted
A: no striking features
a: no special abilities


You were on level 1 of the Dungeon.
You visited 1 branch of the dungeon, and saw 2 of its levels.

You collected 57 gold pieces.

Inventory:

Hand Weapons
 e - a +1 dagger of venom (weapon)
Missiles
 i - a throwing net
Armour
 a - a +0 robe (worn)
Talismans
 j - a beast talisman
Scrolls
 g - a scroll of poison
 l - a scroll of immolation {unknown}
 m - a scroll of fog {unknown}
 n - 3 scrolls of vulnerability {unknown}
Potions
 b - a potion of magic
 c - a potion of lignification {unknown}
 d - a potion of mutation {unknown}
 h - a potion of resistance {unknown}
 k - a potion of heal wounds {unknown}
 o - a potion of invisibility {unknown}


   Skills:
 + Level 1.0 Fighting
 - Level 2.4 Dodging
 - Level 2.4 Stealth
 + Level 3.6 Spellcasting
 + Level 2.0 Conjurations
 + Level 3.7 Fire Magic


You had 6 spell levels left.
You knew the following spells:

 Your Spells              Type           Power      Damage    Failure   Level
a - Foxfire               Conj/Fire      60%        2x1d7     3%          1
b - Scorch                Fire           38%        2d6       4%          2

Your spell library contained the following spells:

 Spells                   Type           Power      Damage    Failure   Level
 Inner Flame              Hex/Fire       11%        N/A       17%         3
 Volatile Blastmotes      Fire/Tloc      22%        2d11      17%         3
 Flame Wave               Conj/Fire      15%        2d7       36%         4
 Summon Cactus Giant      Summ           1%         N/A       100%        6


Dungeon Overview and Level Annotations

Branches:
Dungeon (2/15)

Altars:


Message History

You kill the hobgoblin!
The foxfire hits the rat but does no damage.
The rat misses you.
Your Conjurations skill increases to level 2!
Unknown command.
The bat hits you. The rat bites you. The bat hits you.
The ball python barely misses you. The ball python grabs you.
You stop ascending the stairs.
The ball python constricts you.
Casting: Foxfire (safe; 3% risk of failure)
Confirm with . or Enter, or press ? or * to list all spells.
You conjure some foxfire!
The bat completely misses you. The ball python closely misses you.
The ball python constricts you. The rat bites you.
The foxfire hits the endoplasm.
The endoplasm is moderately wounded.
The ball python bites you but does no damage.
The ball python constricts you. The worm completely misses you.
The kobold hits you with a +0 dagger. The rat bites you but does no damage.
Unknown command.
You escape the ball python's grasp.
The ball python bites you but does no damage.
The ball python completely misses you. The kobold hits you with a +0 dagger.
The rat barely misses you. The endoplasm barely misses you.
You climb upwards.
There is a stone staircase leading down here.
The air fills with toxic fumes!
As you read the scroll labelled MAT WUCEEGUICW, it crumbles to dust.
It was a scroll of poison.
The worm misses you. The ball python bites you.
* * * LOW HITPOINT WARNING * * *
The ball python barely misses you. The kobold hits you with a +0 dagger.
* * * LOW HITPOINT WARNING * * *
The rat bites you.
* * * LOW HITPOINT WARNING * * *
The endoplasm closely misses you.
It was a potion of enlightenment.
You feel very buoyant.
You fly up into the air.
The ball python closely misses you. The ball python grabs you.
The ball python constricts you.
* * * LOW HITPOINT WARNING * * *
The kobold hits you with a +0 dagger.
You die...

###########..................#.#
# ####....§§§§..#......## #
######..#.#§§§##.......... #
#.......#.§§§§#####......# #
###.#####.##§§§§§§.........)
###...# #.##§§§§#####......÷
##...### #.##§§§§#######.....
#..### ##§#r§§§§§##.....÷..#
##.## #§§w@K§§§§§#.###...##
##†.# #§§§SJ§§§§§§.###....#
...## #§§§§§§§§§§§....##.(. ...#
#§§§§§§§§§§§.##...... ..##
#§§§§§§§§§§§.####.... ..#
##§§§§§§§§§§..####... †.#
##§§§§§§§§#...# ##.. ..#
#§§§§§§§§§§...# ### ..#
#..........#..###


You could see a worm, an endoplasm, a ball python, a kobold and a rat.

Vanquished Creatures
  7 bats
  3 endoplasms (D:1)
  4 giant cockroaches (D:1)
  4 goblins (D:1)
  2 hobgoblins
  2 quokkas (D:1)
  4 ball pythons (D:1)
  A frilled lizard (D:1)
  3 kobolds (D:1)
  2 rats (D:1)
32 creatures vanquished.

Vanquished Creatures (others)
  58 foxfires
58 creatures vanquished.

Grand Total: 90 creatures vanquished

Notes
Turn   | Place    | Note
-------+----------+-------------------------------------------
     0 | D:1      | Ijustatesigmund the Deep Elf Fire Elementalist began the
                  | quest for the Orb.
     0 | D:1      | Reached XP level 1. HP: 10/10 MP: 6/6
   102 | D:1      | Reached XP level 2. HP: 16/16 MP: 6/8
   105 | D:1      | Learned a level 2 spell: Scorch
   501 | D:1      | Reached XP level 3. HP: 20/20 MP: 7/10
   767 | D:1      | Reached skill level 1 in Fighting
   829 | D:1      | HP: 1/20 [rat (2)]
   830 | D:1      | Slain by a kobold

Illustrated notes

Levels and vault maps discovered:
D:1:      tarquinn_simple_flora_water_e, layout_rooms
D:2:      minmay_alternating_diamond, layout_basic, dreamdust_wishing_well,
          minmay_pentomino_v2

Skill      XL: |  1  2  3 |
---------------+----------+-----
Fighting       | 1 |  1.0
Conjurations   | 2 |  2.0
Dodging        | |  2.4
Stealth        | |  2.4
Spellcasting   | |  3.6
Fire Magic     | |  3.7

Action                     || total
---------------------------++-------
  Melee: Short sword       ||     6
         Dagger            ||     5
   Cast: Foxfire           ||    36
         Scorch            ||     4
    Use: Scroll            ||     1
         Potion            ||     1
 Armour: Robe              ||    10
  Dodge: Dodged            ||    26

Table legend: (Time is in decaauts)
 A = Elapsed time spent in this place.
 B = Non-inter-level travel time spent in this place.
 C = Inter-level travel time spent in this place.
 D = Time resting spent in this place.
 E = Time spent auto-exploring this place.
 F = Levels seen in this place.
 G = Mean time per level.
                   A        B        C        D        E       F      G
               +--------+--------+--------+--------+--------+-----+--------+
         Total |    829 |    773 |     56 |     49 |    552 |   2 |  414.5 |
       Dungeon |    829 |    773 |     56 |     49 |    552 |   2 |  414.5 |
               +--------+--------+--------+--------+--------+-----+--------+

Top non-repeatable levels by time:
     D:1: 820 daAuts
     D:2: 8 daAuts
